 Dungeon Crawl Stone Soup version 0.19-a0-1490-g5dd3618 (webtiles) character file.

30 Amnesiac the Changer (level 3, -18/23 HPs)
             Began as an Octopode Transmuter on Sept 8, 2016.
             Demolished by an ogre
             ... wielding a +0 giant club
              (24 damage)
             ... on level 4 of the Dungeon.
             The game lasted 00:01:48 (921 turns).

Amnesiac the Changer (Octopode Transmuter)           Turns: 921, Time: 00:01:49

Health: -18/23     AC:  2    Str:  9    XL:     3   Next: 20%
Magic:  0/6        EV: 20    Int: 15    God:
Gold:   66         SH:  0    Dex: 18    Spells: 3 memorised, 0 levels left

rFire  . . .     SeeInvis .       - Unarmed
rCold  . . .     Gourm    .     (shield currently unavailable)
rNeg   . . .     Faith    .     (helmet currently unavailable)
rPois  x         Spirit   .     (no amulet)
rElec  .         Dismiss  .     (no ring)
rCorr  .         Reflect  .     (no ring)
MR     .....     Harm     .     (no ring)
Stlth  ++........               (no ring)
                                (no ring)
                                (no ring)
                                (no ring)
                                (no ring)

@: spider-form (expiring)
A: almost no armour, stealthy swim, (amphibious), 8 rings, (constrict 8),
(camouflage 0), (gelatinous body 0)
a: End Transformation


You were on level 4 of the Dungeon.
You were hungry.
You were a venomous arachnid creature.
You visited 1 branch of the dungeon, and saw 4 of its levels.

You collected 66 gold pieces.

Inventory:

Hand Weapons
 g - a +0 dagger of venom
Missiles
 a - 11 arrows
Scrolls
 d - a scroll of identify {unknown}
 e - a scroll of remove curse {unknown}
Potions
 i - 3 potions of magic {unknown}
Books
 b - a book of Changes

   Spells                             Type                      Level
   a - Beastly Appendage              Transmutation                1
   b - Sticks to Snakes               Transmutation                2
   c - Spider Form                    Transmutation/Poison         3
   d - Ice Form                       Ice/Transmutation            4
   e - Blade Hands                    Transmutation                5
Comestibles
 c - a bread ration
 f - a meat ration


   Skills:
 - Level 1.0 Fighting
 - Level 2.0 Dodging
 - Level 3.0 Unarmed Combat
 - Level 2.0 Spellcasting
 + Level 3.5 Transmutations


You couldn't memorise any spells.
You knew the following spells:

 Your Spells              Type           Power        Failure   Level  Hunger
a - Beastly Appendage     Tmut           ##....       17%         1    #......
d - Sticks to Snakes      Tmut           ##......     24%         2    ###....
e - Spider Form           Tmut/Pois      #.........   56%         3    ###....


Dungeon Overview and Level Annotations

Branches:
Dungeon (4/15)
 Temple: D:4-7

Altars:


Innate Abilities, Weirdness & Mutations

You cannot wear most types of armour.
You are very stealthy in the water.
((You are amphibious.))
You can wear up to eight rings at the same time.
((You can use your tentacles to constrict eight enemies at once.))
((Your skin changes colour to match your surroundings (Stealth+).))
((Your rubbery body absorbs attacks. (AC +1, EV +1)))


Message History

Confirm with . or Enter, or press ? or * to list all spells.
You fail to extend your transformation any further.
You are feeling hungry.
You barely miss the ogre. The ogre completely misses you.
You hit the ogre.
The ogre is poisoned.
The ogre is moderately wounded.
The ogre completely misses you.
You hit the ogre.
The ogre looks as sick as possible!
The ogre is moderately wounded.
Your transformation is almost over.
The ogre hits you with a giant club!
Ouch! That really hurt!
* * * LOW HITPOINT WARNING * * *
You hit the ogre.
The ogre looks as sick as possible!
The ogre is heavily wounded.
You hit the ogre.
The ogre is heavily wounded.
The ogre hits you with a giant club!!
Ouch! That really hurt!
You die...

### ... #.# #.#
#.# #.# #### ###
#.# #..# #..
###.# #####.##O#
....# ##..#.##s#
##.## ##..#.##.##
#...####...##..##
.......'....####
....####........
.#.## ##.[.....
.### ##.....# .#
##...## .# #+##


You could see an ogre.

Vanquished Creatures
  2 oozes (D:1)
  A giant gecko (D:2)
  2 goblins
  6 kobolds
  A bat (D:1)
  2 rats
14 creatures vanquished.

Vanquished Creatures (collateral kills)
  An adder (D:4)
1 creature vanquished.

Grand Total: 15 creatures vanquished

Notes
Turn   | Place    | Note
-------+----------+-------------------------------------------
     0 | D:1      | Amnesiac the Octopode Transmuter began the quest for the Orb.
     0 | D:1      | Reached XP level 1. HP: 13/13 MP: 3/3
    45 | D:1      | Reached XP level 2. HP: 18/18 MP: 3/5
    91 | D:1      | Learned a level 2 spell: Sticks to Snakes
   573 | D:4      | Reached XP level 3. HP: 20/23 MP: 1/6
   578 | D:4      | Learned a level 3 spell: Spider Form
   846 | D:4      | Noticed an ogre
   921 | D:4      | Demolished by an ogre

Vault maps used:
D:1:      erik_arrival_gehennom
D:2:      minmay_kobold_bridge, nemelex_xobeh_ov_fountains_minmay, first_bread,
          ecumenical_altar_1, uniq_jessica, uniq_natasha
D:3:      grunt_temple_overflow_open, gammafunk_temple_overflow_statue
D:4:      marbit_many_paths, kennysheep_little_box

Skill      XL: |  1  2 |
---------------+-------+-----
Transmutations | 3 |  3.5
Fighting       | |  1.0
Dodging        | |  2.0
Unarmed Combat | |  3.0
Spellcasting   | |  2.0

Action                   || total
-------------------------++-------
Melee: Unarmed           ||    33
       Kick              ||     7
       Constrict         ||     5
       Tentacles         ||     5
       Punch             ||     1
 Cast: Beastly Appendage ||     6
       Sticks to Snakes  ||     1
       Spider Form       ||     2
 Stab: Sleeping          ||     2
Armor: Skin              ||     1
Dodge: Dodged            ||    22
